 Dungeon Crawl Stone Soup version 0.29.0-4-gdea44cf6ec (webtiles) character file.

Game seed: 8901928080891784250

116 qw the Sneak (level 5, -6/32 HPs)
             Began as a Gargoyle Delver on Sept 10, 2022.
             Mangled by an iguana (8 damage)
             ... on level 5 of the Dungeon.
             The game lasted 00:00:08 (666 turns).

qw the Sneak (Gargoyle Delver)                       Turns: 666, Time: 00:00:09

Health: -6/32      AC:  7    Str: 17    XL:     5   Next: 1%
Magic:  5/5        EV: 11    Int: 11    God:
Gold:   14         SH:  0    Dex: 11    Spells: 4/4 levels left

rFire   . . .      SeeInvis .   a - +0 hand axe
rCold   . . .      Faith    .   (no shield)
rNeg    + . .      Spirit   .   b - +0 leather armour
rPois   inf        Reflect  .   (no helmet)
rElec   +          Harm     .   (no cloak)
rCorr   .          Rampage  .   (no gloves)
Will    .....                   (no boots)
Stlth   +++.......              (no amulet)
HPRegen 0.10/turn               (no ring)
MPRegen 0.09/turn               (no ring)

@: no status effects
A: sickness immunity, AC +4, negative energy resistance 1, electricity
resistance, torment resistance 1, petrification resistance
a: no special abilities


You were on level 5 of the Dungeon.
You visited 1 branch of the dungeon, and saw 1 of its levels.

You collected 14 gold pieces.


Innate Abilities, Weirdness & Mutations

You are immune to sickness and miasma.
Your stone body is resilient. (AC +4)
You are immune to poison.
You resist negative energy. (rN+)
You are resistant to electric shocks. (rElec)
You are resistant to unholy torment.
You are immune to petrification.


   Skills:
 - Level 3.2 Fighting
 + Level 4.5 Axes
 - Level 1.5 Dodging
 - Level 5.4 Stealth


You had 4 spell levels left.
You didn't know any spells.
Your spell library was empty.

Inventory:

Hand Weapons
 a - a +0 hand axe (weapon)
Armour
 b - a +0 leather armour (worn)
 h - a +0 ring mail
 j - a +0 buckler
Wands
 g - a wand of digging (3)
Scrolls
 c - a scroll of fog
 d - a scroll of magic mapping
 e - a scroll of fear
 i - a scroll of identify {unknown}
Potions
 f - a potion of haste

Dungeon Overview and Level Annotations

Branches:
Dungeon (5/15)
 Temple: D:4-7

Altars:


Message History

You slash the jelly!
You kill the jelly!
You have reached level 5!
You start resting.
You are no longer corroded.
HP restored.
You now have 3 gold pieces.
i - a scroll labelled ZYOTOIRO AQESH
Enter note: You now have 14 gold pieces (gained 11).
j - a +0 buckler You open the door.
Found a leather armour.
There is an open door here.
You open the door.
An iguana comes into view.
The iguana hisses angrily.
There is an open door here.
You closely miss the iguana. The iguana completely misses you.
You barely miss the iguana. The iguana barely misses you.
You barely miss the iguana. The iguana bites you!
You hit the iguana.
The iguana is lightly wounded.
The iguana bites you!
You hit the iguana but do no damage.
The iguana is lightly wounded.
The iguana misses you.
You hit the iguana but do no damage.
The iguana is lightly wounded.
The iguana bites you.
You closely miss the iguana.
The iguana is lightly wounded.
The iguana bites you.
You barely miss the iguana.
The iguana is lightly wounded.
The iguana bites you!
You die...

#..........# #####..
#..........# .......
#..........# .......
#..........# .......
####....#####
....... #.......#
....... #.......#
.......#####.....###
......l@...'.>...#
.......###.#.....#
#####+####.#.....# #
#..[+.....#
#.##.###.....#
#.........(..#
.###......####
#..###.####
#..........


You could see an iguana.

Vanquished Creatures
  A necrophage (D:5)
  A jelly (D:5)
  An iguana (D:5)
3 creatures vanquished.

Notes
Turn   | Place    | Note
-------+----------+-------------------------------------------
     0 | D:5      | qw the Gargoyle Delver began the quest for the Orb.
     0 | D:5      | Reached XP level 1. HP: 14/14 MP: 1/1
     0 | D:5      | 0 ||| qw: Version: 0.1-a-116-g5d60599
     0 | D:5      | 0 ||| qw: Game counter: 8363
     0 | D:5      | 0 ||| qw: Always use a shield: true
     0 | D:5      | 0 ||| qw: God list: Okawaru
     0 | D:5      | 0 ||| qw: Allow faded altars: false
     0 | D:5      | 0 ||| qw: Do Orc after D:15 true
     0 | D:5      | 0 ||| qw: Do second Lair branch before Depths: true
     0 | D:5      | 0 ||| qw: Lair rune preference: random
     0 | D:5      | 0 ||| qw: Plans: Normal
     0 | D:5      | 0 ||| PLANNING D:1-11
     7 | D:5      | Noticed a necrophage
     8 | D:5      | 8 ||| Stepping ~*~*~tactically~*~*~ (stealth).
    27 | D:5      | Killed a necrophage
    28 | D:5      | Reached skill level 3 in Axes
    28 | D:5      | Reached XP level 2. HP: 8/19 MP: 2/2
    28 | D:5      | Reached XP level 3. HP: 10/23 MP: 3/3
    28 | D:5      | Reached XP level 4. HP: 12/28 MP: 4/4
   119 | D:5      | 119 ||| Stepping ~*~*~tactically~*~*~ (stealth).
   143 | D:5      | HP: 6/28 [iguana (6)]
   427 | D:5      | Reached XP level 5. HP: 13/32 MP: 5/5
   664 | D:5      | HP: 5/32 [iguana (5)]
   665 | D:5      | HP: 2/32 [iguana (4)]
   666 | D:5      | Mangled by an iguana

Levels and vault maps discovered:
D:5:      black_bear_nest_2, layout_basic, mainiacjoe_overflow_catwalk,
          mainiacjoe_overflow_big_doors, kennysheep_generic_room_10

Skill      XL: |  1  2  3  4 |
---------------+-------------+-----
Axes           | 3 4 |  4.5
Fighting       | |  3.2
Dodging        | |  1.5
Stealth        | |  5.4

Action                   |  1- 3 |  4- 6 || total
-------------------------+-------+-------++-------
Melee: Hand axe          |    13 |    24 ||    37
 Stab: Distracted        |       |     1 ||     1
Armor: Leather armour    |     3 |     5 ||     8
Dodge: Dodged            |     8 |     8 ||    16

Table legend:
 A = Non-vault XP
 B = Vault XP
 C = Vault XP percentage of total XP
 D = Non-vault monster count
 E = Vault monster count
 F = Vault count percentage of total count
                 A         B        C        D         E       F
            +---------+---------+-------+---------+---------+-------
      Total |     167 |       0 |   0.0 |       3 |       0 |   0.0
            +---------+---------+-------+---------+---------+-------
        D:5 |     167 |       0 |   0.0 |       3 |       0 |   0.0
            +---------+---------+-------+---------+---------+-------
